 Dungeon Crawl Stone Soup version 0.25.1-11-g244df3a29b (webtiles) character file.

Game seed: 10343807112677788682

173 DeepDeath the Slasher (level 5, -1/41 HPs)
             Began as a Human Fighter on Mar 25, 2024.
             Slain by Natasha (5 damage)
             ... on level 3 of the Dungeon.
             The game lasted 00:06:03 (1977 turns).

DeepDeath the Slasher (Human Fighter)               Turns: 1977, Time: 00:06:04

Health: -1/41      AC:  6    Str: 18    XL:     5   Next: 83%
Magic:  5/5        EV:  7    Int:  8    God:
Gold:   93         SH:  9    Dex: 12    Spells: 4/4 levels left

rFire    . . .     SeeInvis .   a - +1 long sword
rCold    . . .     Gourm    .   c - +0 kite shield
rNeg     . . .     Faith    .   b - +0 scale mail
rPois    .         Spirit   .   (no helmet)
rElec    .         Reflect  .   (no cloak)
rCorr    .         Harm     .   (no gloves)
MR       .....                  (no boots)
Stlth    ..........             (no amulet)
HPRegen  0.13/turn              (no ring)
MPRegen  0.09/turn              (no ring)

@: mighty
A: no striking features
a: no special abilities


You were on level 3 of the Dungeon.
You were not hungry.

You visited 1 branch of the dungeon, and saw 3 of its levels.

You collected 93 gold pieces.

Inventory:

Hand Weapons
 a - a +1 long sword (weapon)
Missiles
 j - 74 stones (quivered)
Armour
 b - a +0 scale mail (worn)
 c - a +0 kite shield (worn)
Jewellery
 g - an uncursed amulet of the acrobat {unknown}
 k - a +6 ring of strength {unknown}
Wands
 e - a wand of flame (11)
Scrolls
 h - a scroll of amnesia
 o - 2 scrolls of teleportation {unknown}
 p - a scroll of magic mapping {unknown}
Potions
 i - a potion of flight {unknown}
 l - a potion of lignification {unknown}
 n - a potion of curing {unknown}
Comestibles
 f - 6 rations
 m - 2 chunks of flesh


   Skills:
 - Level 3.0 Fighting
 + Level 5.6 Long Blades
 - Level 3.0 Armour
 - Level 3.0 Shields


You had 4 spell levels left.
You didn't know any spells.
Your spell library was empty.

Dungeon Overview and Level Annotations

Branches:
Dungeon (3/15)

Altars:

Annotations:
D:3 Natasha


Message History

You block the orc's attack. Natasha barely misses you.
Unknown command.
The orc wizard shouts!
You slash Natasha!
Natasha is almost dead.
You block Natasha's attack. The orc hits you with a +0 mace.
Unknown command.
You barely miss Natasha.
Natasha is almost dead.
Natasha casts a spell.
The orc hits you with a +0 mace. The orc wizard closely misses you.
You riposte.
You miss the orc wizard. Natasha claws you.
* * * LOW HITPOINT WARNING * * *
Unknown command.
You hit Natasha.
Natasha is almost dead.
The orc wizard closely misses you. The orc hits you with a +0 mace.
* * * LOW HITPOINT WARNING * * *
Natasha claws you.
You die...

######### #...)...#
#####.#####.# ####
#...#.#####.#####...#
#..†'.....#.#.......##
###...#.###.#.#........#
..........#.#'#..o.....#
###+#+#...#.....@oo....#
#.............h##.....#
#..............# ....#
#............5.# ##.#
#.............## #
#.............###
######...........
######......##.#.
#.....###÷.......


You could see an orc wizard, Natasha, a crimson imp (summoned) and 2 orcs.

Vanquished Creatures
  An orc wizard (D:3)
  Natasha (twice) (D:3)
  Terence (D:2)
  3 adders
  2 worms (D:2)
  A dart slug (D:1)
  2 leopard geckos (D:2)
  4 giant cockroaches
  4 goblins
  4 hobgoblins
  3 jackals (D:3)
  4 kobolds
  A quokka (D:2)
  A ball python (D:3)
  4 bats
  4 frilled lizards
  4 rats
45 creatures vanquished.

Notes
Turn   | Place    | Note
-------+----------+-------------------------------------------
     0 | D:1      | DeepDeath the Human Fighter began the quest for the Orb.
     0 | D:1      | Reached XP level 1. HP: 18/18 MP: 1/1
   108 | D:1      | Reached XP level 2. HP: 24/24 MP: 2/2
   507 | D:1      | Reached skill level 3 in Long Blades
   856 | D:2      | Reached XP level 3. HP: 15/29 MP: 3/3
  1410 | D:2      | Reached skill level 4 in Long Blades
  1410 | D:2      | Reached XP level 4. HP: 30/35 MP: 4/4
  1717 | D:3      | Noticed Terence
  1734 | D:2      | Killed Terence
  1873 | D:3      | Reached XP level 5. HP: 39/41 MP: 5/5
  1881 | D:3      | Noticed Natasha
  1887 | D:3      | Killed Natasha
  1887 | D:3      | Reached skill level 5 in Long Blades
  1892 | D:3      | Noticed Natasha
  1906 | D:3      | Killed Natasha
  1963 | D:3      | Noticed Natasha
  1977 | D:3      | Slain by Natasha

Illustrated notes

Levels and vault maps discovered:
D:1:      heliophobic_arrival_dark_side_of_the_moon, layout_basic
D:2:      layout_loops_cross, minmay_misc_feat_cross,
          hangedman_abyss_or_decor_stabs
D:3:      layout_basic, chequers_ecumenical_altar_grove, uniq_natasha,
          uniq_terence

Skill      XL: |  1  2  3  4  5 |
---------------+----------------+-----
Long Blades    | 3 4 5 |  5.6
Fighting       | |  3.0
Armour         | |  3.0
Shields        | |  3.0

Action                   |  1- 3 |  4- 6 || total
-------------------------+-------+-------++-------
Melee: Long sword        |    89 |    81 ||   170
  Use: Scroll            |     5 |       ||     5
       Potion            |       |     1 ||     1
  Eat: Chunk             |     2 |     2 ||     4
Armor: Scale mail        |    39 |    28 ||    67
Dodge: Dodged            |    14 |    22 ||    36
Block: Kite shield       |    46 |    38 ||    84
       Rpst.: Long sword |     5 |     9 ||    14
